Workbook

Sheet Social Media 40h
A1: PLANILHA DE CUSTOS E FORMAÇÃO DE PREÇOS
A4: MÓDULO 1 - REMUNERAÇÃO
A6: SALÁRIO BASE
A7: SALÁRIO BASE
A8: Assistente de Marketing (Social Media) 40h
A10: MÓDULO 1 - REMUNERAÇÃO
A11: MÓDULO 1 - REMUNERAÇÃO
A12: Categoria | B12: Salário Base | C12: Gratificação de função | D12: Adicional de Periculosidade ou Insalubridade | E12: Adicional Noturno | F12: Total
A13: =A8 -> Assistente de Marketing (Social Media) 40h | B13: =B8 -> 0 | C13: 0 | D13: 0 | E13: 0 | F13: =SUM(B13:E13) -> 0
A15: MÓDULO 2 - ENCARGOS E BENEFÍCIOS (ANUAIS, MENSAIS E DIÁRIOS)
A16: SUBMÓDULO 2.1 – 13° SALÁRIO, FÉRIAS E ADICIONAL DE FÉRIAS
A17: 13° SALÁRIO Previsto no Decreto 57.155, de 1965.
A18: Categoria | B18: Base de cálculo | C18: Provisionamento Mensal | D18: Valor
A19: =A8 -> Assistente de Marketing (Social Media) 40h | B19: =B13 -> 0 | C19: =1/12 -> 0.083333333 | D19: =B19*C19 -> 0
A20: FÉRIAS Previsto no art. 7° da Constituição Federal
A21: Categoria | B21: Base de cálculo | C21: Provisionamento Mensal | D21: Valor
A22: =A8 -> Assistente de Marketing (Social Media) 40h | B22: =F13 -> 0 | C22: =C19 -> 0.083333333 | D22: =B22*C22 -> 0
A23: ADICIONAL DE FÉRIAS - 1/3 CONSTITUCIONAL
A24: Categoria | B24: Base de cálculo | C24: Alíquota Adicional | D24: Provisionamento Mensal | E24: Valor
A25: =A22 -> Assistente de Marketing (Social Media) 40h | B25: =F13 -> 0 | C25: =1/3 -> 0.33333333 | D25: =1/12 -> 0.083333333 | E25: =B25*C25*D25 -> 0
A26: SUBMÓDULO 2.1 – 13° SALÁRIO, FÉRIAS E ADICIONAL DE FÉRIAS
A27: Categoria | B27: 13° Salário | C27: Férias | D27: 1/3 Constitucional | E27: Total
A28: =A25 -> Assistente de Marketing (Social Media) 40h | B28: =D19 -> 0 | C28: =D22 -> 0 | D28: =E25 -> 0 | E28: =SUM(B28:D28) -> 0
A30: SUBMÓDULO 2.2 - ENCARGOS PREVIDENCIÁRIOS E FGTS
A31: COMPOSIÇÃO DO GPS E FGTS
A32: Encargos | B32: Percentual
A33: INSS - empregador | B33: 0.2
A34: Salário-Educação | B34: 0.025
A35: SAT- GIL/RAT | B35: 0.02
A36: SESC | B36: 0.015
A37: SENAC | B37: 0.01
A38: SEBRAE | B38: 0.006
A39: INCRA | B39: 0.002
A40: FGTS | B40: 0.08
A41: TOTAL | B41: =SUM(B33:B40) -> 0.358
A43: GPS - GUIA DA PREVIDÊNCIA SOCIAL
A44: Categoria | B44: Base de cálculo | C44: Percentual | D44: Valor
A45: =A28 -> Assistente de Marketing (Social Media) 40h | B45: =F13+E28 -> 0 | C45: =SUM($B$33:$B$39) -> 0.278 | D45: =B45*C45 -> 0
A47: FGTS - FUNDO DE GARANTIA POR TEMPO DE SERVIÇO
A48: Categoria | B48: Base de cálculo | C48: Percentual | D48: Valor
A49: =A45 -> Assistente de Marketing (Social Media) 40h | B49: =B45 -> 0 | C49: =$B$40 -> 0.08 | D49: =B49*C49 -> 0
A51: SUBMÓDULO 2.2 - ENCARGOS PREVIDENCIÁRIOS E FGTS
A52: Categoria | B52: GPS | C52: FGTS | D52: Total
A53: =A49 -> Assistente de Marketing (Social Media) 40h | B53: =D45 -> 0 | C53: =D49 -> 0 | D53: =B53+C53 -> 0
A55: SUBMÓDULO 2.3 - BENEFÍCIOS MENSAIS E DIÁRIOS
A57: VALE TRANSPORTE
A58: CUSTO DA PASSAGEM
A59: Categoria | B59: Vr. Unitário | C59: Vales por dia | D59: Dias efetivamente trabalhados | E59: Custo total
A60: =A53 -> Assistente de Marketing (Social Media) 40h | C60: 2 | D60: 22 | E60: =B60*C60*D60 -> 0
A62: DESCONTO DO VALE TRANSPORTE
A63: Categoria | B63: Base de cálculo | C63: Proporcionalidade | D63: Percentual | E63: Desconto
A64: =A60 -> Assistente de Marketing (Social Media) 40h | B64: =B8 -> 0 | C64: 1 | D64: 0.06 | E64: =B64*C64*D64 -> 0
A66: CUSTO EFETIVO DO VALE TRANSPORTE
A67: Categoria | B67: Custo total | C67: Valor do desconto | D67: Custo efetivo
A68: =A64 -> Assistente de Marketing (Social Media) 40h | B68: =E60 -> 0 | C68: =E64 -> 0 | D68: =B68-C68 -> 0
A70: VALE ALIMENTAÇÃO/REFEIÇÃO
A71: VALE ALIMENTAÇÃO/REFEIÇÃO
A72: Categoria | B72: Valor diário | C72: Dias efetivamente trabalhados | D72: Valor
A73: =A68 -> Assistente de Marketing (Social Media) 40h | C73: =D60 -> 22 | D73: =B73*C73 -> 0
A75: DESCONTO DO VALE ALIMENTAÇÃO/REFEIÇÃO
A76: Categoria | B76: Base de cálculo | C76: Percentual | D76: Desconto
A77: =A73 -> Assistente de Marketing (Social Media) 40h | B77: =D73 -> 0 | C77: 0 | D77: =B77*C77 -> 0
A79: CUSTO EFETIVO DO VALE ALIMENTAÇÃO/REFEIÇÃO
A80: Categoria | B80: Custo total | C80: Desconto | D80: Custo efetivo
A81: =A77 -> Assistente de Marketing (Social Media) 40h | B81: =D73 -> 0 | C81: =D77 -> 0 | D81: =B81-C81 -> 0
A83: BENEFÍCIOS
A84: ASSISTÊNCIA FUNERAL
A85: Categoria
A86: =A81 -> Assistente de Marketing (Social Media) 40h | C86: 1 | D86: =B86*C86 -> 0
A88: PLANO DE SAÚDE E ASSISTÊNCIA ODONTOLÓGICA
A89: Categoria
A90: =A86 -> Assistente de Marketing (Social Media) 40h | C90: 1 | D90: =B90*C90 -> 0
A92: OUTROS BENEFÍCIOS
A93: Categoria
A94: =A90 -> Assistente de Marketing (Social Media) 40h | C94: 1 | D94: =B94*C94 -> 0
A96: SUBMÓDULO 2.3 - BENEFÍCIOS MENSAIS E DIÁRIOS
A97: Categoria | B97: Vale Transporte | C97: Vale Refeição | D97: Assistência Funeral | E97: Plano de Saúde e Assistência Odontológica | F97: Auxílio Creche | G97: Total
A98: =A90 -> Assistente de Marketing (Social Media) 40h | B98: =D68 -> 0 | C98: =D81 -> 0 | D98: =D86 -> 0 | E98: =D90 -> 0 | F98: =D94 -> 0 | G98: =SUM(B98:F98) -> 0
A100: MÓDULO 2 - ENCARGOS E BENEFÍCIOS (ANUAIS, MENSAIS E DIÁRIOS)
A101: MÓDULO 2 - ENCARGOS E BENEFÍCIOS (ANUAIS, MENSAIS E DIÁRIOS)
A102: Categoria | B102: Submódulo 2.1 | C102: Submódulo 2.2 | D102: Submódulo 2.3 | E102: Total
A103: =A98 -> Assistente de Marketing (Social Media) 40h | B103: =E28 -> 0 | C103: =D53 -> 0 | D103: =G98 -> 0 | E103: =SUM(B103:D103) -> 0
A105: MÓDULO 3 - PROVISÃO PARA RESCISÃO
A106: PERCENTUAIS POR TIPO DE DESLIGAMENTO
A107: Tipos | B107: Percentual
A108: Demissão SEM justa Causa | B108: 0.7596
A109: SEM justa Causa AP INDENIZADO | B109: 0.3798
A110: SEM justa Causa AP TRABALHADO | B110: 0.3798
A111: Demissão COM justa Causa | B111: 0.0152
A112: Desligamentos OUTROS TIPOS | B112: 0.2252
A113: TOTAL | B113: =SUM(B109:B112) -> 1
A115: SUBMÓDULO 3.1 - AVISO PRÉVIO INDENIZADO
A116: AVISO PRÉVIO INDENIZADO
A117: Categoria | B117: Base de cálculo | C117: Provisionamento Mensal | D117: Valor
A118: =A103 -> Assistente de Marketing (Social Media) 40h | B118: =F13+(E103-D45) -> 0 | C118: 12 | D118: =B118/C118 -> 0
A119: MULTA DO FGTS E CONTRIBUIÇÃO SOCIAL SOBRE O AVISO PRÉVIO INDENIZADO
A120: Categoria | B120: Base de cálculo | C120: Percentual da Multa | D120: Valor
A121: =A118 -> Assistente de Marketing (Social Media) 40h | B121: =D49 -> 0 | C121: 0.5 | D121: =B121*C121 -> 0
A122: SUBMÓDULO 3.1 - CUSTO DO AVISO PRÉVIO INDENIZADO
A123: Categoria | B123: Base de cálculo | C123: Percentual | D123: Valor
...

Sheet Videomaker 40h
A1: PLANILHA DE CUSTOS E FORMAÇÃO DE PREÇOS
A4: MÓDULO 1 - REMUNERAÇÃO
A6: SALÁRIO BASE
A7: SALÁRIO BASE
A8: Editor Audiovisual (Videomaker) 40h
A10: MÓDULO 1 - REMUNERAÇÃO
A11: MÓDULO 1 - REMUNERAÇÃO
A12: Categoria | B12: Salário Base | C12: Gratificação de função | D12: Adicional de Periculosidade ou Insalubridade | E12: Adicional Noturno | F12: Total
A13: =A8 -> Editor Audiovisual (Videomaker) 40h | B13: =B8 -> 0 | C13: 0 | D13: 0 | E13: 0 | F13: =SUM(B13:E13) -> 0
A15: MÓDULO 2 - ENCARGOS E BENEFÍCIOS (ANUAIS, MENSAIS E DIÁRIOS)
A16: SUBMÓDULO 2.1 – 13° SALÁRIO, FÉRIAS E ADICIONAL DE FÉRIAS
A17: 13° SALÁRIO Previsto no Decreto 57.155, de 1965.
A18: Categoria | B18: Base de cálculo | C18: Provisionamento Mensal | D18: Valor
A19: =A8 -> Editor Audiovisual (Videomaker) 40h | B19: =B13 -> 0 | C19: =1/12 -> 0.083333333 | D19: =B19*C19 -> 0
A20: FÉRIAS Previsto no art. 7° da Constituição Federal
A21: Categoria | B21: Base de cálculo | C21: Provisionamento Mensal | D21: Valor
A22: =A8 -> Editor Audiovisual (Videomaker) 40h | B22: =F13 -> 0 | C22: =C19 -> 0.083333333 | D22: =B22*C22 -> 0
A23: ADICIONAL DE FÉRIAS - 1/3 CONSTITUCIONAL
A24: Categoria | B24: Base de cálculo | C24: Alíquota Adicional | D24: Provisionamento Mensal | E24: Valor
A25: =A22 -> Editor Audiovisual (Videomaker) 40h | B25: =F13 -> 0 | C25: =1/3 -> 0.33333333 | D25: =1/12 -> 0.083333333 | E25: =B25*C25*D25 -> 0
A26: SUBMÓDULO 2.1 – 13° SALÁRIO, FÉRIAS E ADICIONAL DE FÉRIAS
A27: Categoria | B27: 13° Salário | C27: Férias | D27: 1/3 Constitucional | E27: Total
A28: =A25 -> Editor Audiovisual (Videomaker) 40h | B28: =D19 -> 0 | C28: =D22 -> 0 | D28: =E25 -> 0 | E28: =SUM(B28:D28) -> 0
A30: SUBMÓDULO 2.2 - ENCARGOS PREVIDENCIÁRIOS E FGTS
A31: COMPOSIÇÃO DO GPS E FGTS
A32: Encargos | B32: Percentual
A33: INSS - empregador | B33: 0.2
A34: Salário-Educação | B34: 0.025
A35: SAT- GIL/RAT | B35: 0.02
A36: SESC | B36: 0.015
A37: SENAC | B37: 0.01
A38: SEBRAE | B38: 0.006
A39: INCRA | B39: 0.002
A40: FGTS | B40: 0.08
A41: TOTAL | B41: =SUM(B33:B40) -> 0.358
A43: GPS - GUIA DA PREVIDÊNCIA SOCIAL
A44: Categoria | B44: Base de cálculo | C44: Percentual | D44: Valor
A45: =A28 -> Editor Audiovisual (Videomaker) 40h | B45: =F13+E28 -> 0 | C45: =SUM($B$33:$B$39) -> 0.278 | D45: =B45*C45 -> 0
A47: FGTS - FUNDO DE GARANTIA POR TEMPO DE SERVIÇO
A48: Categoria | B48: Base de cálculo | C48: Percentual | D48: Valor
A49: =A45 -> Editor Audiovisual (Videomaker) 40h | B49: =B45 -> 0 | C49: =$B$40 -> 0.08 | D49: =B49*C49 -> 0
A51: SUBMÓDULO 2.2 - ENCARGOS PREVIDENCIÁRIOS E FGTS
A52: Categoria | B52: GPS | C52: FGTS | D52: Total
A53: =A49 -> Editor Audiovisual (Videomaker) 40h | B53: =D45 -> 0 | C53: =D49 -> 0 | D53: =B53+C53 -> 0
A55: SUBMÓDULO 2.3 - BENEFÍCIOS MENSAIS E DIÁRIOS
A57: VALE TRANSPORTE
A58: CUSTO DA PASSAGEM
A59: Categoria | B59: Vr. Unitário | C59: Vales por dia | D59: Dias efetivamente trabalhados | E59: Custo total
A60: =A53 -> Editor Audiovisual (Videomaker) 40h | C60: 2 | D60: 22 | E60: =B60*C60*D60 -> 0
A62: DESCONTO DO VALE TRANSPORTE
A63: Categoria | B63: Base de cálculo | C63: Proporcionalidade | D63: Percentual | E63: Desconto
A64: =A60 -> Editor Audiovisual (Videomaker) 40h | B64: =B8 -> 0 | C64: 1 | D64: 0.06 | E64: =B64*C64*D64 -> 0
A66: CUSTO EFETIVO DO VALE TRANSPORTE
A67: Categoria | B67: Custo total | C67: Valor do desconto | D67: Custo efetivo
A68: =A64 -> Editor Audiovisual (Videomaker) 40h | B68: =E60 -> 0 | C68: =E64 -> 0 | D68: =B68-C68 -> 0
A70: VALE ALIMENTAÇÃO/REFEIÇÃO
A71: VALE ALIMENTAÇÃO/REFEIÇÃO
A72: Categoria | B72: Valor diário | C72: Dias efetivamente trabalhados | D72: Valor
A73: =A68 -> Editor Audiovisual (Videomaker) 40h | C73: =D60 -> 22 | D73: =B73*C73 -> 0
A75: DESCONTO DO VALE ALIMENTAÇÃO/REFEIÇÃO
A76: Categoria | B76: Base de cálculo | C76: Percentual | D76: Desconto
A77: =A73 -> Editor Audiovisual (Videomaker) 40h | B77: =D73 -> 0 | C77: 0 | D77: =B77*C77 -> 0
A79: CUSTO EFETIVO DO VALE ALIMENTAÇÃO/REFEIÇÃO
A80: Categoria | B80: Custo total | C80: Desconto | D80: Custo efetivo
A81: =A77 -> Editor Audiovisual (Videomaker) 40h | B81: =D73 -> 0 | C81: =D77 -> 0 | D81: =B81-C81 -> 0
A83: BENEFÍCIOS
A84: ASSISTÊNCIA FUNERAL
A85: Categoria
A86: =A81 -> Editor Audiovisual (Videomaker) 40h | C86: 1 | D86: =B86*C86 -> 0
A88: PLANO DE SAÚDE E ASSISTÊNCIA ODONTOLÓGICA
A89: Categoria
A90: =A86 -> Editor Audiovisual (Videomaker) 40h | C90: 1 | D90: =B90*C90 -> 0
A92: OUTROS BENEFÍCIOS
A93: Categoria
A94: =A90 -> Editor Audiovisual (Videomaker) 40h | C94: 1 | D94: =B94*C94 -> 0
A96: SUBMÓDULO 2.3 - BENEFÍCIOS MENSAIS E DIÁRIOS
A97: Categoria | B97: Vale Transporte | C97: Vale Refeição | D97: Assistência Funeral | E97: Plano de Saúde e Assistência Odontológica | F97: Auxílio Creche | G97: Total
A98: =A90 -> Editor Audiovisual (Videomaker) 40h | B98: =D68 -> 0 | C98: =D81 -> 0 | D98: =D86 -> 0 | E98: =D90 -> 0 | F98: =D94 -> 0 | G98: =SUM(B98:F98) -> 0
A100: MÓDULO 2 - ENCARGOS E BENEFÍCIOS (ANUAIS, MENSAIS E DIÁRIOS)
A101: MÓDULO 2 - ENCARGOS E BENEFÍCIOS (ANUAIS, MENSAIS E DIÁRIOS)
A102: Categoria | B102: Submódulo 2.1 | C102: Submódulo 2.2 | D102: Submódulo 2.3 | E102: Total
A103: =A98 -> Editor Audiovisual (Videomaker) 40h | B103: =E28 -> 0 | C103: =D53 -> 0 | D103: =G98 -> 0 | E103: =SUM(B103:D103) -> 0
A105: MÓDULO 3 - PROVISÃO PARA RESCISÃO
A106: PERCENTUAIS POR TIPO DE DESLIGAMENTO
A107: Tipos | B107: Percentual
A108: Demissão SEM justa Causa | B108: 0.7596
A109: SEM justa Causa AP INDENIZADO | B109: 0.3798
A110: SEM justa Causa AP TRABALHADO | B110: 0.3798
A111: Demissão COM justa Causa | B111: 0.0152
A112: Desligamentos OUTROS TIPOS | B112: 0.2252
A113: TOTAL | B113: =SUM(B109:B112) -> 1
A115: SUBMÓDULO 3.1 - AVISO PRÉVIO INDENIZADO
A116: AVISO PRÉVIO INDENIZADO
A117: Categoria | B117: Base de cálculo | C117: Provisionamento Mensal | D117: Valor
A118: =A103 -> Editor Audiovisual (Videomaker) 40h | B118: =F13+(E103-D45) -> 0 | C118: 12 | D118: =B118/C118 -> 0
A119: MULTA DO FGTS E CONTRIBUIÇÃO SOCIAL SOBRE O AVISO PRÉVIO INDENIZADO
A120: Categoria | B120: Base de cálculo | C120: Percentual da Multa | D120: Valor
A121: =A118 -> Editor Audiovisual (Videomaker) 40h | B121: =D49 -> 0 | C121: 0.5 | D121: =B121*C121 -> 0
A122: SUBMÓDULO 3.1 - CUSTO DO AVISO PRÉVIO INDENIZADO
A123: Categoria | B123: Base de cálculo | C123: Percentual | D123: Valor
...

Sheet Resumo
C4: Item | D4: Descrição | E4: Quantidade (A) | F4: Valor Mensal Posto(s) de Trabalho (B) | G4: Valor Mensal Insumos (C) | H4: Valor Mensal Uniforme (D) | I4: Valor Mensal Total (E) = ((B*A)+(C)+(D)) | J4: Valor Total Anual (F) = (E*12)
C5: 1 | D5: ='Social Media 40h'!A8 -> Assistente de Marketing (Social Media) 40h | E5: 1 | F5: ='Social Media 40h'!B252 -> 0 | G5: ='Social Media 40h'!F224 -> 0 | H5: ='Social Media 40h'!D214 -> 0 | I5: =((F5*E5)+G5+H5) -> 0 | J5: =I5*12 -> 0
C6: 2 | D6: ='Videomaker 40h'!A8 -> Editor Audiovisual (Videomaker) 40h | E6: 1 | F6: ='Videomaker 40h'!B253 -> 0 | G6: ='Videomaker 40h'!F225 -> 0 | H6: ='Videomaker 40h'!D214 -> 0 | I6: =((F6*E6)+G6+H6) -> 0 | J6: =I6*12 -> 0
C7: Valor total 12 meses | J7: =SUM(J5:J6) -> 0
